General information
			 
			
        
        - name: BNet
- type: Ladder 1vs1/FFA
- host: Battle.net
- saver: foreverazone
 map: TurtleRock
- players: 2
- length: 17:38
- speed: Fast
- version: 1.26 W3XP
- replay type:  Public
 » download(76 KB)
Players
        team 1 (winner) 
              
               foreverazone
foreverazone (
purple | 208 APM | 3671 actions | 17:38)
              
 4 Archmage
 4 Archmage  2
 2 Summon Water Elemental
 2
 2 Brilliance Aura
 3 Naga Sea Witch
 3 Naga Sea Witch  1
 1 Frost Arrows
 2
 2 Forked Lightning
                | Assign group hotkey | 43 |  | 
| Basic commands | 120 |  | 
| Build / train | 83 |  | 
| ESC pressed | 1 |  | 
| Enter build submenu | 30 |  | 
| Enter hero's abilities submenu | 7 |  | 
| Give item / drop item | 5 |  | 
| Right click | 1153 |  | 
| Select / deselect | 505 |  | 
| Select group hotkey | 1608 |  | 
| Use ability | 116 |  | 
                3671 total
 » units 
                
                | Peasant | 13 |  | 
| Footman | 3 |  | 
| Rifleman | 5 |  | 
| Spell Breaker | 2 |  | 
| Priest | 3 |  | 
| Sorceress | 2 |  | 
                28 total
 » upgrades
                
                | Gunpowder | 2 |  | 
| Long Rifles | 1 |  | 
| Magic Sentry | 1 |  | 
| Masonry | 2 |  | 
| Lumber Harvesting | 1 |  | 
                7 total
 » buildings
                
                | Altar of Kings | 1 |  | 
| Barracks | 1 |  | 
| Farm | 9 |  | 
| Blacksmith | 1 |  | 
| Scout Tower | 11 |  | 
| Keep | 1 |  | 
| Arcane Vault | 1 |  | 
| Arcane Tower | 2 |  | 
| Lumber Mill | 1 |  | 
| Guard Tower | 16 |  | 
| Arcane Sanctum | 1 |  | 
| Town Hall | 1 |  | 
                46 total
 » build order
                00:07 Altar of Kings
00:20 Barracks
00:36 Farm
01:01 Farm
01:32 Farm
02:57 Farm
03:01 Blacksmith
03:21 Scout Tower
03:31 Keep
03:39 Arcane Vault
03:49 Arcane Tower
03:52 Lumber Mill
04:32 Farm
04:33 Farm
04:55 Scout Tower
05:22 Guard Tower
05:22 Guard Tower
06:29 Arcane Sanctum
08:14 Farm
09:40 Guard Tower
10:24 Scout Tower
10:34 Guard Tower
10:34 Guard Tower
11:07 Farm
12:04 Scout Tower
12:07 Scout Tower
12:15 Guard Tower
12:26 Guard Tower
12:59 Farm
13:26 Scout Tower
13:29 Scout Tower
13:39 Guard Tower
14:04 Guard Tower
14:33 Scout Tower
14:34 Scout Tower
14:35 Scout Tower
14:36 Scout Tower
15:09 Guard Tower
15:10 Guard Tower
15:10 Guard Tower
15:46 Town Hall
» items
                
                | Scroll of Regeneration | 2 |  | 
| Lesser Clarity Potion | 2 |  | 
| Scroll of Town Portal | 1 |  | 
| Scroll of Healing | 1 |  | 
| Ivory Tower | 3 |  | 
                9 total
  team 2 (loser) 
              
               Star_chilD
Star_chilD (
blue | 106 APM | 1866 actions | 17:36)
              
 4 Goblin Tinker
 4 Goblin Tinker  2
 2 Pocket Factory
 2
 2 Engineering Upgrade
                | Assign group hotkey | 23 |  | 
| Basic commands | 24 |  | 
| Build / train | 76 |  | 
| Enter build submenu | 28 |  | 
| Enter hero's abilities submenu | 4 |  | 
| Remove unit from queue | 7 |  | 
| Right click | 866 |  | 
| Select / deselect | 305 |  | 
| Select group hotkey | 452 |  | 
| Use ability | 81 |  | 
                1866 total
 » units 
                
                | Wisp | 39 |  | 
| Archer | 11 |  | 
| Hippogryph | 6 |  | 
| Druid of the Talon | 1 |  | 
                57 total
 » upgrades
                » buildings
                
                | Altar of Elders | 1 |  | 
| Moon Well | 12 |  | 
| Ancient of War | 3 |  | 
| Tree of Ages | 1 |  | 
| Tree of Life | 1 |  | 
| Ancient of Wind | 6 |  | 
| Hunter's Hall | 1 |  | 
                25 total
 » build order
                00:11 Altar of Elders
00:22 Moon Well
00:32 Ancient of War
01:32 Moon Well
01:56 Ancient of War
03:40 Tree of Ages
04:13 Tree of Life
04:40 Moon Well
06:10 Ancient of Wind
06:17 Ancient of Wind
07:15 Ancient of Wind
07:45 Moon Well
08:21 Ancient of Wind
09:19 Hunter's Hall
09:52 Moon Well
10:12 Moon Well
10:26 Moon Well
11:06 Ancient of Wind
11:16 Ancient of War
11:42 Moon Well
12:30 Ancient of Wind
12:35 Moon Well
13:22 Moon Well
14:38 Moon Well
15:20 Moon Well
» items
                
                | Potion of Invisibility | 3 |  | 
| Boots of Speed | 1 |  | 
| Staff of Teleportation | 1 |  | 
                5 total
   Chat log
          
(11:56 / All) foreverazone: good strat
(17:16 / All) foreverazone: tinker so trash
(17:31 / All) foreverazone: TT
(17:32 / All) Star_chilD: ur noob